 Dungeon Crawl Stone Soup version 0.20.1-1-g8b1a95d (webtiles) character file.

23256 Naz the Severer (level 13, -6/113 HPs)
             Began as a Hill Orc Fighter on Oct 28, 2017.
             Was a High Priest of Okawaru.
             Mangled by a white ugly thing (8 damage)
             ... on level 13 of the Dungeon.
             The game lasted 00:30:16 (12489 turns).

Naz the Severer (Hill Orc Fighter)                 Turns: 12489, Time: 00:30:17

Health: -6/113     AC: 31    Str: 23    XL:     13   Next: 5%
Magic:  16/18      EV: 21    Int: 17    God:    Okawaru [*****.]
Gold:   245        SH: 12    Dex:  7    Spells: 12/12 levels left

rFire    . . .     SeeInvis .   a - +0 war axe
rCold    . . .     Gourm    .   v - +1 shield {reflect}
rNeg     + + +     Faith    .   F - +8 chain mail "Qituokal" {rN+ Int+9 Dex-2}
rPois    .         Spirit   .   S - +1 hat
rElec    +         Reflect  +   o - +2 cloak
rCorr    .         Harm     .   R - +2 pair of gloves {Dex+3}
MR       .....                  Z - +0 pair of boots
Stlth    ..........             y - amulet of rage
Regen    0.3/turn               I - ring "Cinim" {*Contam rElec rN+++ EV+6 Dex-5}
MPRegen  0.2/turn               k - +6 ring of evasion

@: heroism
A: no striking features
a: Heroism, Finesse, Renounce Religion, Evoke Berserk Rage


You were on level 13 of the Dungeon.
You worshipped Okawaru.
Okawaru was extremely pleased with you.
You were not hungry.

You visited 2 branches of the dungeon, and saw 14 of its levels.
You also visited: Sewer and Ossuary.

You collected 695 gold pieces.
You spent 450 gold pieces at shops.

Inventory:

Hand Weapons
 a - a +0 war axe (weapon)
 p - a +0 hand crossbow
 t - a +0 whip of flaming
Missiles
 G - 41 bolts
Armour
 g - a +0 pair of gloves of strength
 o - a +2 cloak (worn)
 v - a +1 shield of reflection (worn)
 F - the +8 chain mail "Qituokal" (worn) {rN+ Int+9 Dex-2}
   (Okawaru gifted it to you in an ossuary)

   It affects your intelligence (+9).
   It affects your dexterity (-2).
   It protects you from negative energy.
 R - a +2 pair of gloves of dexterity (worn)
 S - a +1 hat (worn)
 Z - a +0 pair of boots (worn)
Jewellery
 c - a +4 ring of strength
 d - an uncursed ring of protection from cold
 k - a +6 ring of evasion (right hand)
 y - an amulet of rage (around neck)
 I - the ring "Cinim" (left hand) {*Contam rElec rN+++ EV+6 Dex-5}
   (You found it on level 6 of the Dungeon)

   [ring of evasion]

   It affects your evasion (+6).
   It affects your dexterity (-5).
   It insulates you from electricity.
   It renders you almost immune to negative energy.
   It causes magical contamination when unequipped.
 M - the ring of Xiodaasi {rC- rN++ Dex+3 Stlth+}
   (You found it on level 10 of the Dungeon)

   [ring of stealth]

   It affects your dexterity (+3).
   It makes you vulnerable to cold.
   It greatly protects you from negative energy.
   It makes you more stealthy.
 N - an uncursed ring of poison resistance
Scrolls
 h - 3 scrolls of amnesia {unknown}
 j - 4 scrolls of remove curse
 l - 4 scrolls of fog {unknown}
 r - 2 scrolls of enchant weapon {unknown}
 A - 4 scrolls of teleportation
 C - 3 scrolls of magic mapping {unknown}
 J - a scroll of fear {unknown}
 L - 6 scrolls of blinking {unknown}
 P - a scroll of silence {unknown}
 Q - a scroll of vulnerability {unknown}
 Y - 2 scrolls of brand weapon
Potions
 m - 2 potions of degeneration {unknown}
 n - a potion of ambrosia {unknown}
 q - 3 potions of invisibility
 w - 3 potions of brilliance {unknown}
 x - 7 potions of heal wounds
 z - 4 potions of mutation
 B - a potion of haste {unknown}
 E - 2 potions of flight {unknown}
 H - 3 potions of might
 T - 7 potions of curing {unknown}
 U - 2 potions of lignification {unknown}
 V - 2 potions of agility {unknown}
 W - 2 potions of cancellation {unknown}
 X - a potion of berserk rage {unknown}
Comestibles
 e - 4 chunks of flesh
 f - 8 bread rations
 i - 3 fruits
 s - 5 royal jellies
 u - 7 meat rations


   Skills:
 - Level 10.2(15.2) Fighting
 - Level 15.8(20.8) Axes
 + Level 10.5(15.5) Crossbows
 - Level 10.0(15.0) Armour
 - Level 3.2(8.2) Shields
 - Level 7.7 Invocations


You had 12 spell levels left.
You didn't know any spells.

Dungeon Overview and Level Annotations

Branches:
Dungeon (13/15)            Temple (1/1) D:4            Lair (0/6) D:8
    Orc (0/2) D:12
 Vaults: D:13-14

Altars:
Ashenzari
Cheibriados
Dithmenos
Elyvilon
Fedhas
Gozag
Hepliaklqana
Kikubaaqudgha
Makhleb
Nemelex Xobeh
Okawaru
Qazlal
Ru
Sif Muna
Trog
Uskayaw
Vehumet
Xom
Yredelemnul
Zin
The Shining One

Shops:
D:9 ?


Message History

You slash the white ugly thing! The two-headed ogre barely misses you.
The two-headed ogre closely misses you.
The enchanted long sword hits you but does no damage.
You slash the two-headed ogre!
The two-headed ogre is almost dead.
You slash the white ugly thing!
You barely miss the enchanted long sword.
You block the white ugly thing's attack.
You block the enchanted long sword's attack.
You slice the two-headed ogre!!
You kill the two-headed ogre!
Okawaru accepts your kill.
Your shield and chain mail "Qituokal" prevent you from hitting the white ugly thing.
You hit the enchanted long sword.
You block the white ugly thing's attack.
You block the enchanted long sword's attack.
The enchanted long sword hits you!
* * * LOW HITPOINT WARNING * * *
The white ugly thing kicks you!
You die...

......... .......
##.....#
......###### . #
##...........
..#?#............
......)u.........
......)†@........
.......)(........
#########........
#!####### #.# ...
#######.#########...
....................
#.................#
#.............[...#


You could see a white ugly thing and an enchanted long sword.

Vanquished Creatures
  2 hydras
  5 two-headed ogres
  Erica (D:9)
  A dancing weapon (D:13)
  A tengu warrior (D:13)
  The ghost of antares the Ruffian, a novice DrTm (D:6)
  Pikel (D:4)
  A deep elf mage (D:11)
  The ghost of wotkd0121004 the Sneak, a novice OpFE of Ashenzari (Ossuary)
  A wolf spider zombie (D:12)
  3 ugly things
  2 cyclopes
  Maurice (D:8)
  Psyche (D:10)
  A komodo dragon (D:11)
  3 trolls
  2 hornets
  Grinder (D:3)
  A hippogriff (D:12)
  A wyvern (D:12)
  A vampire (D:13)
  A shadow (D:10)
  6 yaks (D:13)
  Eustachio (D:5)
  3 wraiths
  Menkaure (D:4)
  A soldier ant (D:11)
  Edmund (D:4)
  Duvessa (D:5)
  An acid dragon (D:12)
  A water moccasin (D:11)
  A porcupine (D:8)
  Purgy (Sewer)
  6 orc warriors
  4 ice beasts
  A slave (D:4)
  A necrophage (D:5)
  2 sky beasts (D:8)
  7 ogres
  A phantom (D:9)
  3 centaurs
  2 crocodiles (D:12)
  2 big kobolds (D:9)
  4 elf zombies (Ossuary)
  A wyvern zombie (D:8)
  12 bullfrogs
  2 scorpions
  Dowan (D:5)
  9 killer bees
  2 electric eels (D:9)
  7 centaur zombies
  9 crimson imps
  3 bullfrog zombies
  A quasit (D:9)
  5 hounds
  9 orc wizards
  A gnoll shaman (D:12)
  4 human zombies (Ossuary)
  8 orc priests
  3 centaur skeletons
  5 jellies
  A bullfrog skeleton (D:9)
  4 iguanas
  6 worker ants
  A hound skeleton (D:10)
  A hound zombie (D:7)
  3 mummies (Ossuary)
  2 worker ant zombies
  4 gnolls (D:9)
  16 adders
  2 shadow imps
  An adder skeleton (D:4)
  A worm (D:5)
  7 leopard geckos
  50 orcs
  8 bats
  6 giant cockroaches
  8 goblins
  6 hobgoblins
  19 jackals
  4 quokkas
  A ball python (D:8)
  2 frilled lizards (D:3)
  A jackal skeleton (D:5)
  18 kobolds
  6 rats
  4 fungi (D:8)
348 creatures vanquished.

Vanquished Creatures (others)
  A cyclops (D:11)
1 creature vanquished.

Grand Total: 349 creatures vanquished

Notes
Turn   | Place    | Note
-------+----------+-------------------------------------------
     0 | D:1      | Naz the Hill Orc Fighter began the quest for the Orb.
     0 | D:1      | Reached XP level 1. HP: 19/19 MP: 1/1
   123 | D:1      | Reached skill level 3 in Axes
   166 | D:1      | Reached XP level 2. HP: 21/26 MP: 2/2
   434 | D:1      | Reached skill level 4 in Axes
   520 | D:1      | Reached XP level 3. HP: 20/31 MP: 3/3
  1093 | D:2      | Reached skill level 5 in Axes
  1244 | D:2      | Reached XP level 4. HP: 31/39 MP: 4/4
  1545 | D:2      | Found a glowing silver altar of Zin.
  1719 | D:2      | Found a blossoming altar of Fedhas.
  1729 | D:2      | Found a radiant altar of Vehumet.
  1730 | D:2      | Found a sparkling altar of Nemelex Xobeh.
  1730 | D:2      | Found a glowing golden altar of the Shining One.
  1730 | D:2      | Found a stormy altar of Qazlal.
  1733 | D:2      | Found a sacrificial altar of Ru.
  1791 | D:3      | Reached skill level 6 in Axes
  2199 | D:3      | Reached XP level 5. HP: 45/45 MP: 5/5
  2245 | D:3      | Reached skill level 7 in Axes
  2288 | D:3      | Noticed Grinder
  2295 | D:3      | Paralysed by Grinder for 7 turns
  2307 | D:3      | Killed Grinder
  2307 | D:3      | Reached skill level 8 in Axes
  2307 | D:3      | Reached XP level 6. HP: 30/51 MP: 6/6
  2518 | D:3      | Reached skill level 9 in Axes
  3105 | D:4      | Noticed Edmund
  3119 | D:4      | Killed Edmund
  3119 | D:4      | Reached XP level 7. HP: 50/57 MP: 7/7
  3148 | D:4      | Found a shimmering altar of Xom.
  3330 | D:4      | Found a shadowy altar of Dithmenos.
  3370 | D:4      | Found a staircase to the Ecumenical Temple.
  3403 | Temple   | Entered the Ecumenical Temple
  3407 | Temple   | Became a worshipper of Warmaster Okawaru
  3462 | D:4      | Noticed Menkaure
  3468 | D:4      | Killed Menkaure
  3602 | D:4      | Noticed Pikel
  3625 | D:4      | Killed Pikel
  3625 | D:4      | Reached * piety under Okawaru
  3625 | D:4      | Reached ** piety under Okawaru
  3625 | D:4      | Reached XP level 8. HP: 45/64 MP: 9/13
  3863 | D:4      | Reached skill level 10 in Axes
  3903 | D:5      | Entered Level 5 of the Dungeon
  3917 | D:5      | Noticed Eustachio
  3934 | D:5      | Killed Eustachio
  4067 | D:5      | Reached skill level 11 in Axes
  4176 | D:5      | Found a glowing drain.
  4215 | Sewer    | Entered a sewer
  4268 | Sewer    | Noticed Purgy
  4287 | Sewer    | Killed Purgy
  4545 | D:5      | Reached *** piety under Okawaru
  4567 | D:5      | Reached skill level 12 in Axes
  4567 | D:5      | Reached XP level 9. HP: 70/70 MP: 14/14
  4592 | D:5      | Found a shimmering altar of Xom.
  4596 | D:5      | Noticed Dowan
  4614 | D:5      | Killed Dowan
  4641 | D:5      | Noticed Duvessa
  4656 | D:5      | Killed Duvessa
  4845 | D:6      | Found a white marble altar of Elyvilon.
  4884 | D:6      | Got a warped jade ring
  4886 | D:6      | Identified the ring "Cinim" {*Contam rElec rN+++ EV+6 Dex-5} (You found it on level 6 of the Dungeon)
  4939 | D:6      | Noticed antares's ghost (novice DrTm)
  4962 | D:6      | Killed antares's ghost
  4962 | D:6      | Reached **** piety under Okawaru
  4962 | D:6      | Reached skill level 5 in Armour
  5109 | D:6      | Found a shattered altar of Ashenzari.
  5189 | D:6      | Got a smoking quarterstaff
  5358 | D:6      | Identified the cursed +1 quarterstaff "Dragonbane" {crush, +Blink Int+2 Dex-3} (You found it on level 6 of the Dungeon)
  6138 | D:7      | Reached XP level 10. HP: 79/88 MP: 15/15
  6438 | D:7      | Identified the Papyrus of the Congealing Rocks
  6460 | D:7      | Reached ***** piety under Okawaru
  6916 | D:8      | Noticed Maurice
  6944 | D:8      | Killed Maurice
  7076 | D:8      | Found a staircase to the Lair.
  7141 | D:8      | Found a sand-covered staircase.
  7579 | Ossuary  | Entered an ossuary
  7585 | Ossuary  | Noticed wotkd0121004's ghost (novice OpFE)
  7595 | Ossuary  | Killed wotkd0121004's ghost
  7595 | Ossuary  | Received a gift from Okawaru
  7611 | Ossuary  | Got a distressingly furry chain mail {god gift}
  7612 | Ossuary  | Identified the +8 chain mail "Qituokal" {rN+ Int+9 Dex-2} (Okawaru gifted it to you in an ossuary)
  7662 | Ossuary  | Reached skill level 10 in Fighting
  7839 | D:8      | Reached skill level 13 in Axes
  8144 | D:8      | Reached XP level 11. HP: 100/100 MP: 16/16
  8509 | D:9      | Found a transporter.
  8509 | D:9      | Found a transporter.
  8616 | D:9      | Noticed Erica
  8639 | D:9      | Killed Erica
  8652 | D:9      | Reached skill level 10 in Armour
  8665 | D:9      | Noticed a two-headed ogre
  8683 | D:9      | Killed a two-headed ogre
  8683 | D:9      | Reached skill level 1 in Crossbows
  8781 | D:9      | Reached skill level 14 in Axes
  8865 | D:9      | Found Qanit's Magic Scroll Shoppe.
  8873 | D:9      | Bought a scroll of identify for 24 gold pieces
  8873 | D:9      | Bought a scroll of brand weapon for 240 gold pieces
  8873 | D:9      | Bought a scroll of noise for 12 gold pieces
  8873 | D:9      | Bought a scroll of random uselessness for 12 gold pieces
  8873 | D:9      | Bought a scroll of enchant armour for 90 gold pieces
  8873 | D:9      | Bought a scroll of remove curse for 36 gold pieces
  8873 | D:9      | Bought a scroll of teleportation for 36 gold pieces
  9411 | D:10     | Entered Level 10 of the Dungeon
  9420 | D:10     | Got a sparkling platinum ring
  9427 | D:10     | Noticed Psyche
  9435 | D:10     | Killed Psyche
  9436 | D:10     | Identified the ring of Xiodaasi {rC- rN++ Dex+3 Stlth+} (You found it on level 10 of the Dungeon)
  9678 | D:10     | Found a shimmering altar of Xom.
 10098 | D:10     | Noticed a brown ugly thing
 10117 | D:10     | Killed a brown ugly thing
 10417 | D:11     | Noticed a two-headed ogre
 10431 | D:11     | Killed a two-headed ogre
 10431 | D:11     | Received a gift from Okawaru
 10542 | D:11     | Reached skill level 15 in Axes
 10683 | D:11     | Noticed a two-headed ogre
 10696 | D:11     | Killed a two-headed ogre
 10696 | D:11     | Reached skill level 5 in Crossbows
 10791 | D:11     | Reached XP level 12. HP: 98/106 MP: 17/17
 11224 | D:11     | Noticed an eight-headed hydra
 11239 | D:11     | Killed an eight-headed hydra
 11710 | D:12     | Found a staircase to the Orcish Mines.
 11710 | D:12     | Noticed a two-headed ogre
 11729 | D:12     | Killed a two-headed ogre
 12244 | D:13     | Noticed a tengu warrior
 12256 | D:13     | Killed a tengu warrior
 12256 | D:13     | Received a gift from Okawaru
 12332 | D:13     | Noticed a six-headed hydra
 12348 | D:13     | Killed a six-headed hydra
 12448 | D:13     | Noticed a two-headed ogre
 12468 | D:13     | Reached skill level 10 in Crossbows
 12470 | D:13     | Reached XP level 13. HP: 28/113 MP: 16/18
 12489 | D:13     | HP: 2/113 [enchanted long sword (14)]
 12489 | D:13     | Mangled by a white ugly thing

Skill      XL: |  1  2  3  4  5  6  7  8  9 10 11 12 |
---------------+-------------------------------------+-----
Axes           | 3 4 5 6 8 9 12 13 15 | 15.8
Invocations    | 7 |  7.7
Fighting       | 7 10 | 10.2
Armour         | 6 9 10 | 10.0
Crossbows      | 5 10 | 10.5
Shields        | |  3.2

Action                   |  1- 3 |  4- 6 |  7- 9 | 10-12 | 13-15 || total
-------------------------+-------+-------+-------+-------+-------++-------
Melee: War axe           |    97 |   127 |   332 |   876 |    15 ||  1447
       Whip              |       |       |       |    25 |       ||    25
Invok: Heroism           |       |       |     3 |    24 |     1 ||    28
  Use: Potion            |       |     1 |     1 |     1 |     1 ||     4
       Scroll            |       |       |     1 |    12 |       ||    13
  Eat: Chunk             |     1 |     6 |    10 |    17 |       ||    34
       Meat ration       |       |       |       |     1 |       ||     1
Armor: Scale mail        |    47 |     2 |       |       |       ||    49
       Chain mail        |       |    31 |    80 |   254 |    11 ||   376
Dodge: Dodged            |    44 |    37 |   160 |   562 |    19 ||   822
Block: Shield            |    56 |    73 |   136 |   403 |    13 ||   681
       Reflection        |       |       |       |     3 |       ||     3
